 Dungeon Crawl Stone Soup version 0.31-a0-705-ga145531891 (webtiles) character file.

Game seed: 15104023276111110727

9202 randomguy2701 the Cleaver (level 11, -8/95 HPs)
             Began as a Hill Orc Fighter on Sept 9, 2023.
             Was a Priest of Beogh.
             Mangled by a death yak (10 damage)
             ... on level 8 of the Dungeon.
             The game lasted 00:18:24 (9294 turns).

randomguy2701 the Cleaver (Hill Orc Fighter)        Turns: 9294, Time: 00:18:24

Health: -8/95      AC: 19    Str: 23 (26) XL:     11   Next: 42%
Magic:  13/16      EV:  7    Int:  5 (8)  God:    Beogh [***...]
Gold:   795        SH:  5    Dex: 11 (14) Spells: 10/10 levels left

rFire   . . .        a - +0 war axe
rCold   . . .        c - +0 buckler
rNeg    . . .        N - +0 plate armour
rPois   .            (no helmet)
rElec   .            H - +0 cloak {rCorr}
rCorr   +            M - +2 pair of gloves
SInv    .            u - +0 pair of boots
Will    .....        (no amulet) Stlth
                     p - +6 ring of strength
HPRegen 0.35/turn    n - +4 ring of slaying
MPRegen 0.15/turn

%: no passive effects
@: brilliant
A: no striking features
a: Renounce Religion, Smiting


You were on level 8 of the Dungeon.
You worshipped Beogh.
Beogh was most pleased with you.
You visited 1 branch of the dungeon, and saw 9 of its levels.

You collected 795 gold pieces.

Inventory:

Hand Weapons
 a - a +0 war axe (weapon)
 w - a +2 heavy orcbow
Missiles
 I - a throwing net
Armour
 c - a +0 buckler (worn)
 u - a +0 pair of boots (worn)
 F - +0 acid dragon scales
 H - a +0 cloak of preservation (worn)
 M - a +2 pair of gloves (worn)
 N - a +0 plate armour (worn)
Jewellery
 i - a ring of protection from fire
 n - a +4 ring of slaying (right hand)
 p - a +6 ring of strength (left hand)
 L - a ring of protection from cold
Wands
 x - a wand of acid (9)
 G - a wand of iceblast (6)
 K - a wand of mindburst (4)
Scrolls
 e - 2 scrolls of vulnerability {unknown}
 h - 7 scrolls of identify {unknown}
 j - a scroll of immolation {unknown}
 k - 2 scrolls of noise {unknown}
 l - 3 scrolls of revelation {unknown}
 o - 4 scrolls of blinking {unknown}
 r - 2 scrolls of fog {unknown}
 t - a scroll of poison {unknown}
 y - a scroll of brand weapon {unknown}
 z - a scroll of fear {unknown}
 A - a scroll of enchant armour {unknown}
 B - 3 scrolls of teleportation {unknown}
 C - 3 scrolls of enchant weapon {unknown}
Potions
 b - a potion of invisibility {unknown}
 d - a potion of resistance {unknown}
 f - a potion of enlightenment {unknown}
 g - a potion of mutation {unknown}
 m - a potion of curing
 q - a potion of magic {unknown}
 s - 2 potions of degeneration
 v - a potion of brilliance
 D - a potion of haste {unknown}
 E - a potion of ambrosia {unknown}
 J - 2 potions of heal wounds {unknown}


   Skills:
 + Level 8.7 Fighting
 + Level 14.8 Axes
 + Level 8.0 Armour
 + Level 3.4 Dodging
 + Level 2.7 Stealth
 + Level 7.0 Shields
 * Level 7.1 Invocations


You had 10 spell levels left.
You didn't know any spells.
Your spell library contained the following spells:

 Spells                   Type           Power      Damage    Failure   Level
 Sting                    Tmut/Pois      0%         1d3       100%        1
 Summon Small Mammal      Summ           0%         N/A       100%        1
 Cigotuvi's Dreadful Rot  Necr/Pois/Air  0%         N/A       100%        2
 Poisonous Vapours        Pois/Air       0%         N/A       100%        2
 Scorch                   Fire           0%         2d5       100%        2
 Call Canine Familiar     Summ           0%         N/A       100%        3
 Ignite Poison            Fire/Tmut/Pois 0%         N/A       100%        3
 Inner Flame              Hex/Fire       0%         N/A       100%        3
 Mephitic Cloud           Conj/Pois/Air  0%         N/A       100%        3
 Ozocubu's Armour         Ice            0%         N/A       100%        3
 Summon Guardian Golem    Hex/Summ       0%         N/A       100%        3
 Flame Wave               Conj/Fire      0%         2d4       100%        4
 Olgreb's Toxic Radiance  Pois           0%         N/A       100%        4
 Freezing Cloud           Conj/Ice/Air   0%         6-21      100%        5
 Yara's Violent Unravell  Hex/Tmut       0%         3d3       100%        5
 Summon Cactus Giant      Summ           0%         N/A       100%        6
 Enfeeble                 Hex            0%         N/A       100%        7
 Ozocubu's Refrigeration  Ice            0%         4d7       100%        7


Dungeon Overview and Level Annotations

Branches:
Dungeon (9/15)             Temple (0/1) D:4            Lair (0/5) D:8
    Orc (0/2) D:9

Altars:
Cheibriados
Elyvilon
Fedhas
Makhleb
Sif Muna
Uskayaw
Zin
The Shining One

Shops:
D:9 [

Annotations:
D:4 1 runed translucent door, Crazy Yiuf
D:9 3 runed translucent doors


Message History

The death yak is lightly wounded.
You slash the death yak! x2; You barely miss the death yak.
The death yak snorts and paws the ground.
The death yak gores you!
* * * LOW HITPOINT WARNING * * *
Unknown command.
You slash the death yak!
The death yak is severely wounded.
You barely miss the death yak. You slash the death yak!
You hit the death yak but do no damage.
The death yak gores you but does no damage.
The death yak gores you.
* * * LOW HITPOINT WARNING * * *
The death yak gores you but does no damage.
Your orc warrior hits the death yak from afar with a +0 trident.
The death yak gores you.
* * * LOW HITPOINT WARNING * * *
You hit the death yak.
The death yak is severely wounded.
You slash the death yak! You hit the death yak but do no damage.
You barely miss the death yak.
The death yak gores you but does no damage. x2
The death yak gores you.
* * * LOW HITPOINT WARNING * * *
Your orc warrior hits the death yak from afar with a +0 trident.
The death yak completely misses you.
It was a potion of degeneration.
There was something very wrong with that liquid.
You feel weakened.
You feel dopey.
You feel clumsy.
The death yak gores you but does no damage.
You block the death yak's attack. The death yak closely misses you.
Your orc warrior hits the death yak from afar with a +0 trident!
The death yak barely misses you.
It was a potion of brilliance.
You feel clever all of a sudden. You block the death yak's attack.
The death yak gores you but does no damage. x2
Your orc warrior barely misses the death yak.
The death yak gores you!
You die...

..##.........#.......#..... ..#..
................[##.##....#..###.
.######.........###.# #..##..###.
..# #.......#.....###...#......
..#####.......#..##..##..###....#
...[........#.#o.#.......#....##)
#.#.##......#...)...#.......###Y.
..#####........YYY..#..Y.#####YY.
######.........Y@####..#Y.Y#.....
#...#............# #..####Y...Y.#
.................# #..## #.Y.....
.............##.####...# #.......
............###..#....###......#.
...........## ##....###.##......#
....####...# #..#...#...#.......
....##.....# ##.###.....|......>.
#.......##.###...##..............


You could see 4 death yaks and a friendly orc warrior.

Vanquished Creatures
  3 death yaks (D:8)
  An obsidian statue (D:9)
  Maurice (D:8)
  Maggie (D:6)
  2 hornets
  5 yaks (D:8)
  3 steam dragons
  A water moccasin (D:5)
  Duvessa (D:6)
  3 orc warriors
  An ice beast (D:5)
  3 sky beasts
  3 ogres
  5 centaurs
  3 phantoms
  2 kobold brigands
  A necrophage (D:5)
  A bullfrog (D:6)
  A scorpion (D:6)
  2 wights (D:9)
  Dowan (D:6)
  5 killer bees (D:9)
  A vampire bat (D:3)
  4 howler monkeys
  3 jellies
  8 hounds
  A gnoll bouda (D:4)
  2 orc priests
  A sleepcap (D:6)
  7 iguanas
  Natasha (thrice) (D:2)
  10 orc wizards
  A hound skeleton (D:5)
  13 adders
  12 gnolls
  A shadow imp (D:5)
  A white imp (D:7)
  A worm (D:2)
  3 dart slugs
  3 fire bats (D:3)
  9 orcs
  2 spectral bats
  3 bat skeletons (D:3)
  A bat zombie (D:3)
  8 endoplasms
  4 giant cockroaches
  13 goblins
  12 hobgoblins
  5 jackals
  8 kobolds
  3 quokkas
  13 ball pythons
  14 bats
  A bat simulacrum (D:3)
  3 frilled lizards
  5 rats
228 creatures vanquished.

Vanquished Creatures (collateral kills)
  A death yak (D:8)
  A troll (D:9)
  A hornet (D:9)
  Prince Ribbit (D:9)
  A shadow (D:9)
  A yak (D:8)
  A gnoll sergeant (D:9)
  3 wights (D:9)
  3 killer bees (D:9)
  2 orcs (D:9)
  4 kobolds (D:9)
19 creatures vanquished.

Vanquished Creatures (others)
  An orc sorcerer (D:8)
  An orc knight (D:8)
  An orc warrior (D:9)
  An orc wizard (D:8)
  5 orcs
  A rat (D:2)
10 creatures vanquished.

Grand Total: 257 creatures vanquished

Notes
Turn   | Place    | Note
-------+----------+-------------------------------------------
     0 | D:1      | randomguy2701 the Hill Orc Fighter began the quest for the
                  | Orb.
     0 | D:1      | Reached XP level 1. HP: 19/19 MP: 1/1
    28 | D:1      | Found a faded altar of an unknown god.
    56 | D:1      | Reached skill level 3 in Axes
    56 | D:1      | Reached XP level 2. HP: 26/26 MP: 2/2
   114 | D:1      | Reached XP level 3. HP: 25/33 MP: 3/3
   479 | D:2      | Reached skill level 4 in Axes
   479 | D:2      | Reached XP level 4. HP: 32/40 MP: 4/4
   700 | D:2      | Noticed Natasha
   713 | D:2      | Killed Natasha
   910 | D:2      | Reached skill level 5 in Axes
   917 | D:2      | Noticed Natasha
   920 | D:2      | Reached XP level 5. HP: 46/46 MP: 5/5
   932 | D:2      | Killed Natasha
  1066 | D:2      | Noticed Natasha
  1071 | D:2      | Killed Natasha
  1429 | D:3      | Became a worshipper of Beogh the Brigand
  1441 | D:3      | Reached XP level 6. HP: 42/53 MP: 6/6
  1444 | D:3      | Reached skill level 6 in Axes
  1746 | D:3      | Reached skill level 1 in Dodging
  1790 | D:3      | Reached * piety under Beogh
  1811 | D:3      | Reached skill level 7 in Axes
  1811 | D:3      | Reached XP level 7. HP: 60/60 MP: 7/7
  2156 | D:4      | Found a staircase to the Ecumenical Temple.
  2181 | D:4      | Found a runed translucent door.
  2182 | D:4      | Noticed Crazy Yiuf
  2878 | D:5      | Entered Level 5 of the Dungeon
  3077 | D:5      | Reached skill level 8 in Axes
  3077 | D:5      | Reached skill level 1 in Stealth
  3208 | D:5      | Reached skill level 5 in Fighting
  3208 | D:5      | Reached skill level 5 in Armour
  3208 | D:5      | Reached XP level 8. HP: 64/68 MP: 8/8
  3357 | D:5      | Found a shimmering blue altar of Sif Muna.
  3358 | D:5      | Found a hide-covered altar of Uskayaw.
  3360 | D:5      | Found a white marble altar of Elyvilon.
  3666 | D:5      | Found a burning altar of Makhleb.
  3679 | D:5      | Reached skill level 9 in Axes
  3682 | D:5      | Reached ** piety under Beogh
  3797 | D:6      | Noticed Duvessa
  3799 | D:6      | Noticed Dowan
  4421 | D:6      | Killed Dowan
  4422 | D:6      | Reached skill level 5 in Shields
  4425 | D:6      | Killed Duvessa
  4675 | D:6      | Reached skill level 10 in Axes
  4731 | D:5      | Reached XP level 9. HP: 75/75 MP: 9/9
  4876 | D:6      | Noticed Maggie
  4886 | D:6      | Killed Maggie
  4915 | D:6      | Reached skill level 11 in Axes
  5016 | D:6      | Found a glowing silver altar of Zin.
  5640 | D:7      | Reached skill level 1 in Invocations
  5830 | D:7      | Found a blossoming altar of Fedhas.
  6029 | D:7      | Reached skill level 12 in Axes
  6106 | D:7      | Found a glowing golden altar of the Shining One.
  6268 | D:7      | Reached *** piety under Beogh
  6376 | D:7      | Reached XP level 10. HP: 59/84 MP: 12/12
  6473 | D:7      | Found a snail-covered altar of Cheibriados.
  7169 | D:7      | Paralysed by a hornet for 2 turns
  7408 | D:8      | Noticed a death yak
  7494 | D:8      | Noticed Maurice
  7501 | D:8      | Killed Maurice
  7502 | D:8      | Reached skill level 13 in Axes
  7588 | D:8      | Reached skill level 5 in Invocations
  7743 | D:8      | Noticed a death yak
  7867 | D:8      | Noticed a death yak
  7868 | D:8      | Noticed a death yak
  7869 | D:8      | Noticed a death yak
  7875 | D:9      | Noticed an obsidian statue
  7875 | D:9      | Found a runed translucent door.
  7875 | D:9      | Found a runed translucent door.
  7875 | D:9      | Found a runed translucent door.
  7875 | D:9      | Found a runed translucent door.
  7883 | D:9      | Killed an obsidian statue
  8043 | D:9      | Reached skill level 14 in Axes
  8253 | D:9      | Noticed Prince Ribbit
  8267 | D:9      | Killed Prince Ribbit
  8271 | D:9      | Found Oxeitat's Armour Shoppe.
  8272 | D:9      | Found a staircase to the Orcish Mines.
  8280 | D:9      | Reached XP level 11. HP: 80/94 MP: 15/15
  8281 | D:9      | Gained Agrik as an ally
  9245 | D:8      | Noticed a death yak
  9246 | D:8      | Noticed a death yak
  9247 | D:8      | Found a staircase to the Lair.
  9248 | D:8      | Noticed a death yak
  9273 | D:8      | Killed a death yak
  9276 | D:8      | Your ally Agrik died
  9281 | D:8      | Killed a death yak
  9282 | D:8      | Killed a death yak
  9289 | D:8      | Killed a death yak
  9292 | D:8      | HP: 1/95 [death yak (4)]
  9294 | D:8      | Mangled by a death yak

Illustrated notes

Levels and vault maps discovered:
D:1:      shiori_arrival_oz, layout_rooms, dreamdust_ecumenical_altar_statues
D:2:      cheibrodos_helix_gallery, layout_basic, uniq_natasha
D:3:      layout_rooms, goddamned_bats
D:4:      layout_loops_ring, minmay_temple_entry_stoned_glass,
          bh_walls_and_bars, uniq_crazy_yiuf_cottage
D:5:      nicolae_cairo_tiling_large_dashed, layout_rooms,
          makhleb_blood_cavern_becter,
          chequers_temple_overflow_statue_of_worship
D:6:      layout_gridville, zin_statuary, minmay_fractal_squares_diagonal_5,
          uniq_maggie, uniq_duvessa
D:7:      layout_loops_ring, mainiacjoe_overflow_paths,
          mainiacjoe_overflow_six_doors_small, marbit_many_paths
D:8:      layout_cave_pools, dpeg_lair_monsters, uniq_maurice
D:9:      layout_basic, orc_david_3, minmay_statue_crystal_thing,
          uniq_prince_ribbit1

Skill      XL: |  1  2  3  4  5  6  7  8  9 10 11 |
---------------+----------------------------------+-----
Axes           | 3 4 5 7 8 10 12 14 | 14.8
Fighting       | 4 5 6 8 |  8.7
Armour         | 4 5 6 7 8 |  8.0
Shields        | 4 5 6 7 |  7.0
Dodging        | 1 2 3 |  3.4
Stealth        | 1 2 |  2.7
Invocations    | 3 6 7 |  7.1

Action                     |  1- 3 |  4- 6 |  7- 9 | 10-12 || total
---------------------------+-------+-------+-------+-------++-------
  Melee: War axe           |    72 |   158 |   308 |   178 ||   716
 Invoke: Convert to Beogh  |       |     1 |       |       ||     1
         Smiting           |       |       |       |     3 ||     3
  Evoke: Wand              |       |       |       |     1 ||     1
    Use: Potion            |       |       |     1 |     4 ||     5
   Stab: Distracted        |       |       |       |     2 ||     2
 Armour: Scale mail        |    67 |   140 |   228 |    18 ||   453
         Acid dragon scale |       |       |       |    77 ||    77
         Plate armour      |       |       |       |    29 ||    29
  Dodge: Dodged            |    44 |    85 |   152 |    99 ||   380
  Block: Buckler           |    18 |    51 |    81 |    53 ||   203

Table legend: (Time is in decaauts)
 A = Elapsed time spent in this place.
 B = Non-inter-level travel time spent in this place.
 C = Inter-level travel time spent in this place.
 D = Time resting spent in this place.
 E = Time spent auto-exploring this place.
 F = Levels seen in this place.
 G = Mean time per level.
                   A        B        C        D        E       F      G
               +--------+--------+--------+--------+--------+-----+--------+
         Total |   9406 |   8917 |    489 |    399 |   6874 |   9 | 1045.1 |
       Dungeon |   9406 |   8917 |    489 |    399 |   6874 |   9 | 1045.1 |
               +--------+--------+--------+--------+--------+-----+--------+

Top non-repeatable levels by time:
     D:6: 1774 daAuts
     D:9: 1334 daAuts
     D:5: 1310 daAuts
     D:7: 1301 daAuts
     D:2: 977 daAuts
     D:4: 917 daAuts
     D:3: 674 daAuts
     D:8: 598 daAuts
     D:1: 518 daAuts
